 Dungeon Crawl Stone Soup version 0.31.0-11-ge490571c62 (webtiles) character file.

Game seed: 8794385953721465713

3810 GloriousHammer the Skirmisher (level 10, -1/58 HPs)
             Began as a Human Hexslinger on Feb 3, 2024.
             Was an Elder of Hepliaklqana.
             Slain by a warg (15 damage)
             ... on level 9 of the Dungeon.
             The game lasted 00:22:32 (8276 turns).

GloriousHammer the Skirmisher (Human Hexslinger)    Turns: 8276, Time: 00:22:33

Health: -1/58      AC:  5    Str:  8    XL:     10   Next: 17%
Magic:  17/17      EV: 12    Int: 27    God:    Hepliaklqana [****..]
Gold:   537        SH:  0    Dex: 14    Spells: 3/19 levels left

rFire   + . .        a - +1 sling
rCold   . . .        (no shield)
rNeg    + . .        J - +1 robe of Ununnidd {rPois rN+ Int+5 Dex-4}
rPois   +            (no helmet)
rElec   .            (no cloak)
rCorr   .            g - +0 pair of gloves
SInv    .            p - +0 pair of boots
Will    .....        B - amulet of the acrobat
Stlth   +            F - ring of protection from fire
HPRegen 0.29/turn    C - +6 ring of intelligence
MPRegen 0.15/turn

%: acrobat
@: no status effects
A: reduced essence, explore regen
a: Renounce Religion, Recall Ancestor, Ancestor Identity, Transference, Idealise


You were on level 9 of the Dungeon.
You worshipped Hepliaklqana.
Hepliaklqana was greatly pleased with you.
You visited 1 branch of the dungeon, and saw 9 of its levels.

You collected 537 gold pieces.

Inventory:

Hand Weapons
 a - a +1 sling (weapon)
 b - the +7 staff of the Meek {protect, meekguard}
   (You found it on level 5 of the Dungeon)
Missiles
 d - 2 throwing nets
 h - 24 poisoned darts
 G - 5 darts of dispersal
Armour
 g - a +0 pair of gloves (worn)
 p - a +0 pair of boots (worn)
 t - a +0 leather armour
 J - the +1 robe of Ununnidd (worn) {rPois rN+ Int+5 Dex-4}
   (You found it on level 8 of the Dungeon)

   Int+5:     It affects your intelligence (+5).
   Dex-4:     It affects your dexterity (-4).
   rPois:     It protects you from poison rN+: It protects you from negative
   energy.
Jewellery
 B - an amulet of the acrobat (around neck)
 C - a +6 ring of intelligence (right hand)
 F - a ring of protection from fire (left hand)
 H - an amulet of faith
Wands
 c - a wand of digging (7)
 q - a wand of roots (1)
 y - a wand of flame (25)
Scrolls
 f - 2 scrolls of enchant armour
 k - 2 scrolls of teleportation
 n - 3 scrolls of revelation
 s - 2 scrolls of fear {unknown}
 u - a scroll of vulnerability {unknown}
 v - 3 scrolls of poison
 w - a scroll of fog {unknown}
 E - a scroll of noise {unknown}
 I - a scroll of amnesia {unknown}
Potions
 e - 2 potions of enlightenment
 j - 2 potions of haste {unknown}
 l - 2 potions of mutation {unknown}
 m - a potion of cancellation {unknown}
 o - a potion of invisibility {unknown}
 r - a potion of attraction {unknown}
 x - 2 potions of heal wounds {unknown}
 z - 2 potions of degeneration {unknown}
 A - 2 potions of brilliance {unknown}
 D - a potion of ambrosia {unknown}


   Skills:
 - Level 1.0 Fighting
 - Level 2.0 Staves
 * Level 9.8 Ranged Weapons
 - Level 3.0 Armour
 - Level 2.0 Dodging
 - Level 5.0 Spellcasting
 + Level 7.3 Hexes
 - Level 4.1 Fire Magic
 + Level 2.1 Invocations


You had 3 spell levels left.
You knew the following spells:

 Your Spells              Type           Power      Damage    Failure   Level
a - Jinxbite              Hex            92%        N/A       1%          2
b - Sigil of Binding      Hex            46%        N/A       1%          3
c - Inner Flame           Hex/Fire       37%        N/A       1%          3
d - Cause Fear            Hex            23%        N/A       3%          4
e - Dimensional Bullseye  Hex/Tloc       13%        N/A       16%         4

Your spell library contained the following spells:

 Spells                   Type           Power      Damage    Failure   Level
 Hailstorm                Conj/Ice       6%         3d5       22%         3
 Summon Ice Beast         Ice/Summ       6%         N/A       22%         3
 Sculpt Simulacrum        Ice/Alch       3%         N/A       100%        6


Dungeon Overview and Level Annotations

Branches:
Dungeon (9/15)             Temple (0/1) D:4
   Lair: D:8-11         Orc: D:9-12

Altars:
Ashenzari
Fedhas
Hepliaklqana
Makhleb
Trog

Annotations:
D:3 exclusion: downstairs


Innate Abilities, Weirdness & Mutations

Your life essence is reduced to manifest your ancestor. (-10% HP)
You regain HP and MP as you explore.


Message History

Aim: an orc priest, wielding a +0 dagger (almost dead, not watching you, ally target, 62% to hit)
You shoot a sling bullet. Takurtum avoids your attack.
The sling bullet hits the orc priest!
You kill the orc priest!
Fire: a) +1 sling
Press: ? - help, Q - select action, (/) - cycle Shift-Dir - straight line, f - kobold
Aim: a kobold, wielding a +0 club and quivering stones (ally target, 55% to hit)
You shoot a sling bullet. Takurtum avoids your attack.
The sling bullet hits the kobold.
You kill the kobold!
You shoot a sling bullet. Takurtum avoids your attack.
The sling bullet hits the kobold.
You kill the kobold!
No target in view!
A warg comes into view.
A kobold comes into view. It is wielding a +0 short sword.
Takurtum barely misses the warg.
The warg closely misses Takurtum.
You shoot a sling bullet. Takurtum avoids your attack.
The sling bullet barely misses the warg.
The sling bullet hits the kobold.
The kobold is severely wounded.
The warg bites Takurtum.
You shoot a sling bullet. The sling bullet hits the orc priest.
The orc priest is moderately wounded.
Takurtum blocks the warg's attack.
Takurtum barely misses the warg.
You shoot a sling bullet.
The sling bullet hits the orc priest but does no damage.
The orc priest is moderately wounded.
Takurtum blocks the warg's attack. x2; Takurtum hits the warg with a +0 flail.
You shoot a sling bullet. The sling bullet hits the orc priest!
The orc priest is almost dead.
The warg completely misses Takurtum.
An orc priest comes into view. It is wielding a +0 flail.
The orc priest mumbles some strange prayers to Beogh against you.
Pain shoots through your body!
You are too injured to fight recklessly!
Unknown command.
You are too injured to fight recklessly!
Fire: a) +1 sling
Press: ? - help, Q - select action, (/) - cycle Shift-Dir - straight line, f/p - orc priest
Aim: an orc priest, wielding a +0 falchion (almost dead, 62% to hit)
You shoot a sling bullet.
The sling bullet barely misses the orc priest.
The warg bites Takurtum!!
Takurtum hits the warg with a +0 flail!
The warg completely misses Takurtum.
Takurtum blocks the warg's attack.
Takurtum hits the warg with a +0 flail.
Fire: a) +1 sling
Press: ? - help, Q - select action, (/) - cycle Shift-Dir - straight line, f - warg
Aim: a warg (heavily wounded, ally target, 55% to hit)
You shoot a sling bullet. Takurtum avoids your attack.
The sling bullet hits the warg but does no damage.
The warg is heavily wounded.
Takurtum blocks the warg's attack.
Fire: a) +1 sling
Press: ? - help, Q - select action, (/) - cycle Shift-Dir - straight line, f - orc priest, p - warg
Aim: an orc priest, wielding a +0 falchion (almost dead, 62% to hit)
You shoot a sling bullet.
The sling bullet closely misses the orc priest.
Takurtum blocks the warg's attack.
Takurtum barely misses the warg.
The warg bites Takurtum!
Takurtum is destroyed!
The orc priest invokes the aid of Beogh against you.
Pain shoots through your body!
Fire: a) +1 sling
Press: ? - help, Q - select action, (/) - cycle Shift-Dir - straight line, f/p - orc priest
Aim: an orc priest, wielding a +0 falchion (almost dead, 62% to hit)
You shoot a sling bullet.
The sling bullet hits the orc priest but does no damage.
The orc priest is almost dead.
You feel your willpower return.
The orc priest invokes the aid of Beogh against you.
Beogh smites you!
* * * LOW HITPOINT WARNING * * *
Fire: a) +1 sling
Press: ? - help, Q - select action, (/) - cycle Shift-Dir - straight line, f/p - orc priest
Aim: an orc priest, wielding a +0 falchion (almost dead, 62% to hit)
You shoot a sling bullet. The sling bullet hits the orc priest.
You kill the orc priest!
Fire: a) +1 sling
Press: ? - help, Q - select action, (/) - cycle Shift-Dir - straight line, f - warg
Aim: a warg (heavily wounded, 55% to hit)
Okay, then.
Aiming: Fastroot
Press: ? - help, Shift-Dir - straight line, f - warg
Aim: a warg (heavily wounded)
The roots erupt in riotous growth!
Roots grab the warg.
The grasping roots constrict the warg.
You hear a shout! x4; You hear an angry hiss.
You hear a shout! x7
The warg struggles to escape constriction.
The grasping roots constrict the warg.
The roots release their grip on the warg.
Aiming: Fastroot
Press: ? - help, Shift-Dir - straight line, p - warg The roots erupt in riotous growth!
Roots grab the warg.
The grasping roots constrict the warg.
You hear a shout!
The warg barely misses you. The warg bites you!
You die...

######..#
........#################
.........................
..............###########
############..# #..# #..#
#####..### ##@.......#####
...########h.###..#.....#####
.K..)o)o..K..................
...8≈≈≈≈≈≈≈≈≈≈≈≈≈≈≈≈≈≈≈≈≈≈≈≈≈
#..≈8≈≈≈≈≈≈≈≈≈≈≈≈≈≈≈≈≈≈≈≈≈≈≈≈
#..≈≈.)#####################≈
#..≈≈.# #≈ #..≈≈# #≈ #.... #≈


You could see a warg (rooted) and a kobold.

Vanquished Creatures
  A steam dragon (D:6)
  2 vampire mosquitoes (D:8)
  A water moccasin (D:8)
  2 orc warriors
  3 kobold brigands
  2 scorpions
  A bullfrog (D:8)
  2 wights (D:6)
  An electric eel (D:9)
  3 hounds
  A jelly (D:4)
  7 orc priests
  A gnoll bouda (D:7)
  A sleepcap (D:4)
  4 iguanas
  4 orc wizards
  4 adders
  4 gnolls
  A shadow imp (D:7)
  A white imp (D:5)
  An ufetubus (D:5)
  A ribbon worm (D:3)
  5 dart slugs
  24 orcs
  7 ball pythons
  5 bats
  3 endoplasms
  3 giant cockroaches
  4 goblins
  7 hobgoblins
  2 jackals (D:1)
  A quokka (D:5)
  A frilled lizard (D:1)
  21 kobolds
  A rat (D:3)
132 creatures vanquished.

Vanquished Creatures (collateral kills)
  Jeremiah (D:8)
  A yak (D:6)
  An ice beast (D:6)
  An orc warrior (D:5)
  3 black bears
  A wolf (D:9)
  2 kobold brigands
  2 bullfrogs
  A scorpion (D:5)
  A gnoll sergeant (D:7)
  A wight (D:6)
  A howler monkey (D:8)
  A bombardier beetle (D:5)
  3 orc priests
  A sleepcap (D:8)
  An iguana (D:5)
  5 orc wizards
  5 gnolls (D:7)
  A shadow imp (D:8)
  A white imp (D:6)
  An ufetubus (D:5)
  5 orcs
  2 hobgoblins
  A frilled lizard (D:3)
  9 kobolds
52 creatures vanquished.

Vanquished Creatures (others)
  An orc wizard (D:8)
  2 knights
  3 ancestors (D:4)
6 creatures vanquished.

Grand Total: 190 creatures vanquished

Notes
Turn   | Place    | Note
-------+----------+-------------------------------------------
     0 | D:1      | GloriousHammer the Human Hexslinger began the quest for the
                  | Orb.
     0 | D:1      | Reached XP level 1. HP: 15/15 MP: 2/2
   106 | D:1      | Reached XP level 2. HP: 21/21 MP: 3/3
   202 | D:1      | Learned a level 2 spell: Jinxbite
   287 | D:1      | Reached XP level 3. HP: 10/26 MP: 3/5
  1070 | D:2      | Learned a level 3 spell: Sigil of Binding
  1118 | D:2      | Found a hazy altar of Hepliaklqana.
  1126 | D:2      | Became a worshipper of Hepliaklqana the Forgotten
  1413 | D:2      | Reached skill level 3 in Ranged Weapons
  1544 | D:2      | Reached XP level 4. HP: 32/32 MP: 6/6
  1972 | D:3      | Reached * piety under Hepliaklqana
  2440 | D:4      | Noticed a scorpion
  2447 | D:4      | Killed a scorpion
  2448 | D:4      | Reached XP level 5. HP: 33/33 MP: 4/8
  2613 | D:4      | Reached skill level 4 in Ranged Weapons
  2614 | D:4      | Reached XP level 6. HP: 38/38 MP: 9/9
  2623 | D:4      | Found a broken altar of Ashenzari.
  3033 | D:4      | Reached skill level 1 in Armour
  3200 | D:4      | Reached ** piety under Hepliaklqana
  3215 | D:4      | Remembered your ancestor Takurtum as a knight
  3225 | D:4      | Found a burning altar of Makhleb.
  3267 | D:4      | Found a staircase to the Ecumenical Temple.
  3514 | D:4      | Reached XP level 7. HP: 43/43 MP: 11/11
  3664 | D:5      | Entered Level 5 of the Dungeon
  3711 | D:5      | Found the +7 staff of the Meek {protect, meekguard}
  3768 | D:5      | Reached skill level 5 in Ranged Weapons
  4036 | D:5      | Reached XP level 8. HP: 48/48 MP: 9/12
  4618 | D:6      | Reached *** piety under Hepliaklqana
  4758 | D:6      | Reached skill level 6 in Ranged Weapons
  4982 | D:6      | Noticed a yak
  4991 | D:6      | Reached skill level 5 in Hexes
  4996 | D:6      | Killed a yak
  5001 | D:6      | Learned a level 3 spell: Inner Flame
  5195 | D:6      | Reached skill level 7 in Ranged Weapons
  5350 | D:6      | Reached XP level 9. HP: 45/53 MP: 15/15
  5838 | D:6      | Learned a level 4 spell: Cause Fear
  5843 | D:6      | Learned a level 4 spell: Dimensional Bullseye
  6272 | D:7      | Reached skill level 8 in Ranged Weapons
  6287 | D:7      | Reached **** piety under Hepliaklqana
  6321 | D:7      | Reached skill level 5 in Spellcasting
  6783 | D:8      | HP: 1/53 [vampire mosquito (6)]
  6987 | D:8      | Found a blossoming altar of Fedhas.
  7075 | D:8      | Reached skill level 1 in Staves
  7116 | D:8      | Noticed Jeremiah
  7130 | D:8      | Killed Jeremiah
  7131 | D:8      | Reached skill level 9 in Ranged Weapons
  7285 | D:8      | Reached XP level 10. HP: 33/58 MP: 14/17
  7460 | D:8      | Identified the +1 robe of Ununnidd {rPois rN+ Int+5 Dex-4}
  7661 | D:8      | Found a bloodstained altar of Trog.
  7730 | D:8      | Reached skill level 1 in Invocations
  8276 | D:9      | Slain by a warg

Illustrated notes

Levels and vault maps discovered:
D:1:      ncdulo_halloftheorcs, layout_loops_cross, serial_park_tiny_2,
          nicolae_grassy_gnolls
D:2:      layout_loops_cross, basic_altar
D:3:      layout_basic
D:4:      layout_loops_ring, evilmike_ruin_ashenzari, amcnicky_altar_gilded,
          minmay_temple_entry_large_hall, minivault_1, reono_crystal_passage,
          serial_bayou_pond_c, kennysheep_generic_room_4
D:5:      nicolae_cairo_tiling_large_dashed, layout_cave_pods
D:6:      minmay_general_purpose_star, layout_loops_corners,
          kennysheep_minor_cross
D:7:      layout_basic, nicolae_zen_rock_garden, kennysheep_generic_room_13
D:8:      layout_gridville, lemuel_tele_altar, nicolae_overflow_hidden_temple,
          trog_hazing_becter, uniq_maggie, uniq_jeremiah
D:9:      layout_long_grid, erik_lair_orcish_takeover, erik_orc_2,
          fungi_pond_lemuel

Skill      XL: |  1  2  3  4  5  6  7  8  9 10 |
---------------+-------------------------------+-----
Ranged Weapons | 3 4 5 7 9 |  9.8
Fire Magic     | 2 3 4 |  4.1
Spellcasting   | 2 3 4 5 |  5.0
Hexes          | 4 5 7 |  7.3
Armour         | 1 2 3 |  3.0
Staves         | 2 |  2.0
Invocations    | 2 |  2.1
Fighting       | |  1.0
Dodging        | |  2.0

Action                     |  1- 3 |  4- 6 |  7- 9 | 10-12 || total
---------------------------+-------+-------+-------+-------++-------
  Melee: Quarterstaff      |       |       |    26 |     1 ||    27
   Fire: Sling             |   106 |   143 |   259 |    70 ||   578
  Throw: Dart              |       |     3 |     3 |       ||     6
   Cast: Jinxbite          |     1 |     5 |     7 |     2 ||    15
         Sigil of Binding  |       |       |     1 |       ||     1
 Invoke: Ancestor Life: Kn |       |     1 |       |       ||     1
         Recall Ancestor   |       |       |     1 |       ||     1
  Evoke: Wand              |       |     3 |     2 |     3 ||     8
    Use: Scroll            |       |       |     3 |     2 ||     5
         Potion            |       |       |     2 |       ||     2
 Armour: Robe              |    29 |    21 |       |     8 ||    58
         Leather armour    |       |    17 |    51 |     2 ||    70
  Dodge: Dodged            |    41 |    49 |    61 |    12 ||   163
